 Dungeon Crawl Stone Soup version 0.26.1-10-gdfb7c7de75 (webtiles) character file.

Game seed: 8545055694206937466

25 Chiseanne the Magician (level 2, -1/19 HPs)
             Began as a Demonspawn Hedge Wizard on Apr 3, 2021.
             Hit by a stone thrown by a kobold (2 damage)
             ... on level 3 of the Dungeon.
             The game lasted 00:02:06 (1342 turns).

Chiseanne the Magician (Demonspawn Hedge Wizard)    Turns: 1342, Time: 00:02:06

Health: -1/19      AC:  2    Str: 10    XL:     2   Next: 82%
Magic:  6/6        EV: 12    Int: 17    God:
Gold:   35         SH:  0    Dex: 12    Spells: 7/8 levels left

rFire    . . .     SeeInvis .   a - +1 dagger (venom)
rCold    . . .     Faith    .   (no shield)
rNeg     . . .     Spirit   .   b - +0 robe
rPois    .         Reflect  .   c - +0 hat
rElec    .         Harm     .   (no cloak)
rCorr    .         Rampage  .   (no gloves)
Will     .....                  (no boots)
Stlth    ++........             (no amulet)
HPRegen  0.06/turn              (no ring)
MPRegen  0.10/turn              (no ring)

@: no status effects
A: big brain 1
a: no special abilities


You were on level 3 of the Dungeon.
You visited 1 branch of the dungeon, and saw 4 of its levels.

You collected 35 gold pieces.

Inventory:

Hand Weapons
 a - a +1 dagger of venom (weapon)
 s - a +2 spear of flaming
Missiles
 d - 53 stones
Armour
 b - a +0 robe (worn)
 c - a +0 hat (worn)
 e - a cursed +0 ring mail
Potions
 i - 2 potions of lignification
 j - a potion of might


   Skills:
 - Level 1.7 Dodging
 - Level 1.7 Stealth
 * Level 3.5 Spellcasting
 * Level 2.1 Conjurations
 - Level 1.0 Summonings
 - Level 0.8 Translocations


You had 7 spell levels left.
You knew the following spells:

 Your Spells              Type           Power        Failure   Level
a - Magic Dart            Conj           40%          7%          1

Your spell library contained the following spells:

 Spells                   Type           Power        Failure   Level
 Call Imp                 Summ           6%           17%         2
 Blink                    Tloc           N/A          19%         2
 Slow                     Hex            2%           26%         2
 Conjure Flame            Conj/Fire      6%           32%         3
 Mephitic Cloud           Conj/Pois/Air  5%           36%         3


Dungeon Overview and Level Annotations

Branches:
Dungeon (4/15)
 Temple: D:4-7

Altars:

Annotations:
D:3 Sigmund


Innate Abilities, Weirdness & Mutations

You have an unusually large brain. (Int +2)


Message History

There is an open door here.
There is a stone staircase leading up here.
You climb upwards.
A goblin and Sigmund come into view.
Found 7 gold pieces and a scroll labelled COOTZU QUTU.
There is a stone staircase leading down here.
Sigmund shouts!
The goblin shouts!
You hear a shout!
Sigmund hits you with a +0 scythe.
You hit Sigmund but do no damage. You closely miss Sigmund.
A kobold comes into view.
Sigmund hits you with a +0 scythe!
Ouch! That really hurt!
* * * LOW HITPOINT WARNING * * *
You aren't carrying any scrolls.
Unknown command.
Okay, then.
You hit Sigmund but do no damage.
Sigmund is poisoned.
The kobold throws a stone.
The stone hits you.
You die...

#. #.#
####.##.######.
......#.#......
......#.#......
....#.#......
.......?...
#.@.......
#.@......K
#..g..$...
#.........
#.>.......
###.......
....... .######
##


You could see Sigmund (very poisoned), a goblin and a kobold.

Vanquished Creatures
  2 dart slugs (D:1)
  A leopard gecko (D:1)
  A bat (D:1)
  4 goblins (D:1)
  3 hobgoblins (D:1)
  A ball python (D:1)
  A frilled lizard (D:1)
  4 kobolds (D:1)
  A rat (D:1)
18 creatures vanquished.

Vanquished Creatures (others)
  A plant (D:1)
1 creature vanquished.

Grand Total: 19 creatures vanquished

Notes
Turn   | Place    | Note
-------+----------+-------------------------------------------
     0 | D:1      | Chiseanne the Demonspawn Hedge Wizard began the quest for
                  | the Orb.
     0 | D:1      | Reached XP level 1. HP: 13/13 MP: 4/4
   511 | D:1      | Gained mutation: You have an unusually large brain. (Int
                  | +2) [demonic ancestry]
   511 | D:1      | Reached XP level 2. HP: 19/19 MP: 4/6
  1318 | D:2      | You fall into a shaft and drop 2 floors!
  1336 | D:3      | Noticed Sigmund
  1342 | D:3      | Hit by a stone thrown by a kobold

Illustrated notes

Levels and vault maps discovered:
D:1:      lemuel_arrival_muddy, layout_basic, serial_curves, eino_curves_01,
          eino_curves_03
D:2:      layout_basic, marbit_many_paths, gammafunk_temple_overflow_pools,
          uniq_robin
D:3:      layout_basic, minitemple, uniq_sigmund, uniq_ijyb
D:4:      layout_gridville

Skill      XL: |  1  2 |
---------------+-------+-----
Conjurations   | 2 |  2.1
Dodging        | |  1.7
Stealth        | |  1.7
Spellcasting   | |  3.5
Summonings     | |  1.0
Translocations | |  0.8

Action                   || total
-------------------------++-------
Melee: Spear             ||     8
       Dagger            ||    13
 Cast: Magic Dart        ||    33
  Use: Scroll            ||     4
Armor: Robe              ||     5
Dodge: Dodged            ||    16
